 Dungeon Crawl Stone Soup version 0.31.0-32-g396128a36d (webtiles) character file.

Game seed: 3048091212415318789

387 safid the Ruffian (level 6, -1/48 HPs)
             Began as a Draconian Shapeshifter on Apr 2, 2024.
             Slain by a killer bee (6 damage)
             ... on level 4 of the Dungeon.
             The game lasted 00:04:56 (2956 turns).

safid the Ruffian (Draconian Shapeshifter)          Turns: 2956, Time: 00:04:56

Health: -1/48      AC:  6    Str: 18    XL:     6   Next: 49%
Magic:  6/6        EV: 12    Int: 11    God:
Gold:   228        SH:  0    Dex: 10    Spells: 5/5 levels left

rFire   . .          .
                       - Unarmed
rCold   . . .        (no shield)
rNeg    . . .        (body armour unavailable)
rPois   +            (helmet currently unavailable)
rElec   .            (cloak currently unavailable)
rCorr   .            (gloves currently unavailable)
SInv    +            (boots currently unavailable)
Will    +....        (no amulet)
Stlth   +            l - ring of see invisible
HPRegen 0.28/turn    o - ring of poison resistance
MPRegen 0.10/turn

%: no passive effects
@: beast-form, enlightened, flying, hasted, very quick
A: beast (slay +2), AC +6, unfitting armour, cold-blooded
a: Begin Untransformation


You were on level 4 of the Dungeon.
You were a hulking beast.
You visited 1 branch of the dungeon, and saw 4 of its levels.

You collected 228 gold pieces.

Inventory:

Jewellery
 l - a ring of see invisible (left hand)
 o - a ring of poison resistance (right hand)
Talismans
 b - a beast talisman
 c - a flux talisman
Scrolls
 d - a scroll of blinking {unknown}
 f - 3 scrolls of immolation {unknown}
 g - 7 scrolls of identify {unknown}
 h - 2 scrolls of poison {unknown}
 i - a scroll of revelation {unknown}
 j - 2 scrolls of fear {unknown}
 m - 2 scrolls of enchant weapon {unknown}
Potions
 a - a potion of lignification
 e - a potion of enlightenment
 n - a potion of curing {unknown}


   Skills:
 + Level 2.2 Fighting
 - Level 2.0 Dodging
 + Level 6.2 Unarmed Combat
 + Level 4.2 Shapeshifting


You had 5 spell levels left.
You didn't know any spells.
Your spell library was empty.

Dungeon Overview and Level Annotations

Branches:
Dungeon (4/15)
 Temple: D:4-7

Altars:

Shops:
D:1 :   D:4 =[


Innate Abilities, Weirdness & Mutations

You are a hulking beast.
Your limbs bulge with bestial killing power. (Slay +2)
Your plain brown scales are hard. (AC +6)
You cannot fit into any form of body armour.
You are cold-blooded and may be slowed by cold attacks.


Message History

The killer bee attacks as it pursues you!
The killer bee barely misses you. The killer bee completely misses you.
You hit the killer bee.
The killer bee is moderately wounded.
You feel sick. The killer bee closely misses you.
You miss the killer bee.
The killer bee is moderately wounded.
You feel sick. The killer bee misses you. The killer bee barely misses you.
You punch the killer bee!
You kill the killer bee!
You feel sick. The killer bee barely misses you.
You miss the killer bee.
Your tail-slap misses the killer bee.
You feel sick.
The killer bee stings you but does no damage.
The killer bee stings you.
You punch the killer bee!
The killer bee is heavily wounded.
The killer bee stings you. The killer bee closely misses you.
You closely miss the killer bee.
The killer bee is heavily wounded.
You feel sick. The killer bee barely misses you.
You miss the killer bee.
The killer bee is heavily wounded.
You feel sick. The killer bee barely misses you. The killer bee stings you!
* * * LOW HITPOINT WARNING * * *
You hit the killer bee but do no damage.
Your tail-slap misses the killer bee.
The killer bee is heavily wounded.
You feel sick.
You are no longer poisoned.
The killer bee stings you but does no damage.
The killer bee stings you!
* * * LOW HITPOINT WARNING * * *
Unknown command.
It was a potion of enlightenment.
You feel very buoyant.
You fly up into the air.
The killer bee stings you but does no damage. x2
It was a potion of haste.
You feel yourself speed up. The killer bee stings you.
You die...

## .# # .# #####
#.###### .##.....
#...y.)# .#.....
#......# ##...###
#.###..# ##.....#
#y..## ∩).....#
#y###
.......#########h#
...######.##.##..#
........).......##
.#######..#######
.#######.##
...#####.######
.#.###∩#......#
.....##'......#
......##......#


You could see 2 killer bees.

Vanquished Creatures
  A water moccasin (D:4)
  A scorpion (D:4)
  A killer bee (D:4)
  A bombardier beetle (D:3)
  A hound (D:4)
  3 gnolls
  3 adders (D:2)
  3 ribbon worms
  2 dart slugs
  2 orcs
  3 ball pythons
  3 endoplasms
  A giant cockroach (D:4)
  12 goblins
  7 hobgoblins
  3 quokkas
  4 bats
  3 frilled lizards
  5 kobolds
  11 rats
70 creatures vanquished.

Notes
Turn   | Place    | Note
-------+----------+-------------------------------------------
     0 | D:1      | safid the Draconian Shapeshifter began the quest for the
                  | Orb.
     0 | D:1      | Reached XP level 1. HP: 16/16 MP: 1/1
   232 | D:1      | Reached XP level 2. HP: 23/23 MP: 2/2
   295 | D:1      | Found Sorhilum's Book Boutique.
   802 | D:2      | Reached XP level 3. HP: 27/28 MP: 3/3
   978 | D:2      | Reached skill level 4 in Unarmed Combat
   986 | D:2      | Found a faded altar of an unknown god.
  1186 | D:2      | Reached XP level 4. HP: 35/35 MP: 4/4
  2163 | D:3      | Reached XP level 5. HP: 40/40 MP: 5/5
  2537 | D:4      | Noticed a water moccasin
  2547 | D:4      | Reached skill level 5 in Unarmed Combat
  2552 | D:4      | Killed a water moccasin
  2553 | D:4      | Reached XP level 6. HP: 13/48 MP: 6/6
  2561 | D:4      | HP: 2/48 [poisoned by a water moccasin]
  2760 | D:4      | Found Miyxo's Jewellery Boutique.
  2786 | D:4      | Found Ompimiev's Armour Emporium.
  2824 | D:4      | Reached skill level 6 in Unarmed Combat
  2956 | D:4      | Slain by a killer bee

Illustrated notes

Levels and vault maps discovered:
D:1:      minmay_arrival_four_circles, layout_loops_ring, serial_shops,
          nicolae_shop_tiny_waterfront
D:2:      layout_basic, ebering_ecumenical_altar_sacrificial
D:3:      layout_basic
D:4:      minmay_chambers_of_twos, layout_basic, amcnicky_altar_gilded,
          serial_shops, nicolae_shop_bloodbath_and_beyond,
          nicolae_shop_tiny_glass, shop, nicolae_shop_drivethru,
          chequers_serial_rivers_small_a, bh_walls_and_bars, uniq_robin

Skill      XL: |  1  2  3  4  5  6 |
---------------+-------------------+-----
Dodging        | 2 |  2.0
Unarmed Combat | 4 5 6 |  6.2
Fighting       | 2 |  2.2
Shapeshifting  | 4 |  4.2

Action                     |  1- 3 |  4- 6 || total
---------------------------+-------+-------++-------
  Melee: Unarmed           |    97 |   108 ||   205
         Tailslap          |     6 |    15 ||    21
         Punch             |     3 |     2 ||     5
    Use: Potion            |       |     3 ||     3
 Armour: Skin              |    30 |    69 ||    99
  Dodge: Dodged            |    64 |    65 ||   129
